 Dungeon Crawl Stone Soup version 0.27.1-1-g398f81649c (webtiles) character file.

Game seed: 3386662290969880485

123 acemry the Changer (level 5, -16/33 HPs)
             Began as an Octopode Transmuter on Sept 5, 2021.
             Demolished by an ogre (23 damage)
             ... on level 4 of the Dungeon.
             The game lasted 00:06:02 (3706 turns).

acemry the Changer (Octopode Transmuter)            Turns: 3706, Time: 00:06:03

Health: -16/33     AC:  1    Str: 15    XL:     5   Next: 7%
Magic:  7/8        EV: 13    Int: 17    God:
Gold:   124        SH:  0    Dex: 12    Spells: 4/8 levels left

rFire    + . .     SeeInvis .     - Unarmed
rCold    . . .     Faith    +   (no shield)
rNeg     . . .     Spirit   .   (helmet currently unavailable)
rPois    +         Reflect  .   a - amulet of faith
rElec    .         Harm     .   b - +6 ring of strength
rCorr    .         Rampage  .   c - ring of poison resistance
Will     .....                  g - ring of protection from fire
Stlth    ++........             (no ring)
HPRegen  0.11/turn              (no ring)
MPRegen  0.11/turn              (no ring)
                                (no ring)
                                (no ring)

@: appendages
A: tentacle spike 3, almost no armour, amphibious, 8 rings, camouflage 1,
gelatinous body 1, (nimble swimmer 1), tentacles
a: End Transformation


You were on level 4 of the Dungeon.
One of your tentacles had grown a beastly spike.
You visited 2 branches of the dungeon, and saw 5 of its levels.

You collected 124 gold pieces.

Inventory:

Jewellery
 a - an amulet of faith (around mantle)
 b - a +6 ring of strength (left tentacle)
 c - a ring of poison resistance (right tentacle)
 g - a ring of protection from fire (on tentacle)
Scrolls
 d - a scroll of torment {unknown}
 f - 2 scrolls of acquirement {unknown}
 h - a scroll of holy word {unknown}
 i - 2 scrolls of enchant weapon {unknown}
 k - a scroll of identify {unknown}
 l - a scroll of teleportation {unknown}
Potions
 e - 3 potions of curing {unknown}
 j - a potion of heal wounds {unknown}
 m - a potion of mutation {unknown}


   Skills:
 - Level 1.0 Fighting
 - Level 2.0 Dodging
 - Level 3.0 Unarmed Combat
 - Level 2.0 Spellcasting
 + Level 5.1 Transmutations


You had 4 spell levels left.
You knew the following spells:

 Your Spells              Type           Power      Damage    Failure   Level
a - Beastly Appendage     Tmut           38%        N/A       2%          1
b - Spider Form           Tmut/Pois      5%         N/A       21%         3

Your spell library contained the following spells:

 Spells                   Type           Power      Damage    Failure   Level
 Wereblood                Tmut           19%        N/A       3%          2
 Animate Skeleton         Necr           2%         N/A       19%         1
 Pain                     Necr           4%         1d4       19%         1
 Corpse Rot               Necr/Air       N/A        N/A       28%         2
 Dazzling Flash           Conj/Hex       2%         N/A       50%         3
 Vampiric Draining        Necr           0%         2d6       50%         3
 Ice Form                 Ice/Tmut       10%        N/A       56%         4
 Dispel Undead            Necr           1%         3d6       88%         4
 Agony                    Necr           1%         N/A       99%         5
 Silence                  Hex/Air        0%         N/A       99%         5
 Death Channel            Necr           0%         N/A       100%        6


Dungeon Overview and Level Annotations

Branches:
Dungeon (4/15)             Temple (1/1) D:4

Altars:
Dithmenos
Elyvilon
Fedhas
Gozag
Hepliaklqana
Nemelex Xobeh
Okawaru
Qazlal
Sif Muna
Trog
Vehumet
Xom
Zin

Annotations:
D:3 3 runed translucent doors, Ekaitz's ghost, amateur DsEE


Innate Abilities, Weirdness & Mutations

One of your tentacles has grown a beastly spike.
You cannot wear most types of armour.
You are amphibious.
You can wear up to eight rings at the same time.
Your skin changes colour to match your surroundings (Stealth+).
Your rubbery body absorbs attacks. (AC +1, EV +1)
((You are camouflaged near water. (Stealth+)))
You have tentacles for arms and can constrict up to eight enemies at once.


Message History

Found a stone staircase leading up.
A giant cockroach comes into view.
A giant cockroach is nearby!
You extend your transformation's duration.
You tentacle-slap the giant cockroach. You grab the giant cockroach.
You pierce the giant cockroach.
You kill the giant cockroach!
No target in view!
Your transformation is almost over.
Your tentacle spike disappears.
Found a stone staircase leading down.
A hobgoblin and an ogre come into view.
There are monsters nearby!
There are monsters nearby!
One of your tentacles grows a vicious spike.
The hobgoblin shouts!
The hobgoblin barely misses you.
The ogre shouts!
You tentacle-slap the hobgoblin. You grab the hobgoblin.
Your tentacle spike misses the hobgoblin.
The hobgoblin is severely wounded.
You constrict the hobgoblin. The hobgoblin completely misses you.
You tentacle-slap the hobgoblin.
You kill the hobgoblin!
You barely miss the ogre. You tentacle-slap the ogre.
The ogre is lightly wounded.
The ogre barely misses you.
You completely miss the ogre.
You pierce the ogre.
The ogre is lightly wounded.
The ogre hits you with a +0 giant club!!
Ouch! That really hurt!
* * * LOW HITPOINT WARNING * * *
You are too injured to fight recklessly!
You are too injured to fight recklessly!
You tentacle-slap the ogre.
The ogre is moderately wounded.
The ogre hits you with a +0 giant club!!
Ouch! That really hurt!
You die...

### ##################.##
....................#
#########..#######.##
...........# #.#
#########..#######.######
# #........##...........#
###............>.#.####.#
.##..#.##.######@#.#
........#.# #O#.#
..........# #.#.#
.##..#....# #.#.#
.##..#...## #.#.#
........... #.#..
.....#...#. #.#
.........# #.# .....##..


You could see an ogre.

Vanquished Creatures
  4 adders
  A worm (D:3)
  3 dart slugs
  An orc (D:3)
  6 ball pythons
  6 endoplasms
  6 giant cockroaches
  5 goblins
  8 hobgoblins
  3 jackals (D:1)
  2 quokkas
  6 bats
  9 frilled lizards
  6 kobolds
  6 rats
72 creatures vanquished.

Notes
Turn   | Place    | Note
-------+----------+-------------------------------------------
     0 | D:1      | acemry the Octopode Transmuter began the quest for the Orb.
     0 | D:1      | Reached XP level 1. HP: 13/13 MP: 3/3
   302 | D:1      | Reached XP level 2. HP: 11/18 MP: 3/5
   757 | D:1      | Reached skill level 3 in Transmutations
   930 | D:1      | Reached XP level 3. HP: 21/23 MP: 4/6
  1502 | D:2      | Reached skill level 4 in Transmutations
  1514 | D:2      | Found a faded altar of an unknown god.
  1524 | D:2      | Reached XP level 4. HP: 26/28 MP: 5/7
  1991 | D:2      | Learned a level 3 spell: Spider Form
  2126 | D:3      | Found a runed translucent gate.
  2136 | D:3      | Found a runed translucent gate.
  2136 | D:3      | Found a runed translucent gate.
  2136 | D:3      | Noticed Ekaitz's ghost (amateur DsEE)
  2205 | D:3      | Found a sparkling altar of Nemelex Xobeh.
  2286 | D:3      | Found a shadowy altar of Dithmenos.
  2664 | D:3      | Reached skill level 5 in Transmutations
  2669 | D:3      | Reached XP level 5. HP: 22/33 MP: 6/8
  2870 | D:3      | Found a radiant altar of Vehumet.
  3010 | D:4      | Found a staircase to the Ecumenical Temple.
  3041 | Temple   | Entered the Ecumenical Temple
  3697 | D:4      | Noticed an ogre
  3706 | D:4      | Demolished by an ogre

Illustrated notes

Levels and vault maps discovered:
D:1:      scummos_arrival_star, layout_loops_cross
D:2:      layout_basic, ebering_ecumenical_altar_sacrificial, minmay_box_of_dots
D:3:      layout_basic, mainiacjoe_overflow_alcove_1,
          mainiacjoe_overflow_cross_hatched, lemuel_doored_altar,
          gammafunk_ghost_necromancy, minmay_misc_feat_enclosed,
          kennysheep_generic_room_3
D:4:      layout_loops_ring, mainiacjoe_overflow_concentric_impassable,
          makhleb_blood_cavern_becter, minmay_temple_entry_mini_moons
Temple:   chequers_temple_sunken

Skill      XL: |  1  2  3  4 |
---------------+-------------+-----
Transmutations | 3 4 5 |  5.1
Fighting       | |  1.0
Dodging        | |  2.0
Unarmed Combat | |  3.0
Spellcasting   | |  2.0

Action                   |  1- 3 |  4- 6 || total
-------------------------+-------+-------++-------
Melee: Unarmed           |    67 |    61 ||   128
       Constrict         |    20 |    21 ||    41
       Tentacles         |     9 |     9 ||    18
       Kick              |    15 |    17 ||    32
       Punch             |     2 |       ||     2
 Cast: Beastly Appendage |    24 |    24 ||    48
  Use: Scroll            |     1 |       ||     1
 Stab: Sleeping          |     7 |     4 ||    11
Armor: Skin              |    10 |     3 ||    13
Dodge: Dodged            |    36 |    33 ||    69
